 Dungeon Crawl Stone Soup version 0.32-a0-975-g85d4e5bfdb (webtiles) character file.

Game seed: 6661353864219210959

105329 jasper the Fighter (level 15, -7/103 (124) HPs)
             Began as a Demonspawn Alchemist on Apr 19, 2024.
             Was the Champion of Vehumet.
             Killed from afar by a purple draconian shifter (29 damage)
             ... with a bolt of dispelling energy
             ... on level 3 of the Abyss.
             The game lasted 00:43:21 (26186 turns).

jasper the Fighter (Demonspawn Alchemist)          Turns: 26186, Time: 00:43:22

HP:   -7/103 (124)  AC: 20    Str: 12    XL:     15   Next: 94%
MP:   11/29         EV: 13    Int: 23    God:    Vehumet [******]
Gold: 2233          SH: 14    Dex: 13    Spells: 7/34 levels left

rFire   + + .        M - +4 scimitar (flame)
rCold   . . .        b - +2 kite shield {rF+}
rNeg    . . .        G - +0 steam dragon scales
rPois   +            d - +2 helmet
rElec   .            L - +1 cloak {Stlth+}
rCorr   .            e - +2 pair of gloves {Str+3}
SInv    .            (no boots)
Will    +....        R - amulet of regeneration
Stlth   +++          h - ring of protection from fire
HPRegen 1.17/turn    p - +4 ring of protection
MPRegen 0.21/turn

%: no passive effects
@: untranslocatable, heavily drained
A: icy blue scales 2, icemail 1, powered by death 1, condensation shield,
bedeviling, weakness stinger 2, poison resistance
a: Renounce Religion


You were on level 3 of the Abyss.
You worshipped Vehumet.
Vehumet was exalted by your worship.
You visited 6 branches of the dungeon, and saw 25 of its levels.
You visited the Abyss 1 time.
You also visited: Gauntlet.

You collected 2941 gold pieces.
You spent 708 gold pieces at shops.

Inventory:

Hand Weapons
 M - a +4 scimitar of flaming (weapon)
Missiles
 i - 46 poisoned darts
 z - 4 throwing nets
Armour
 b - a +2 kite shield of fire resistance (worn)
 d - a +2 helmet (worn)
 e - a +2 pair of gloves of strength (worn)
 G - +0 steam dragon scales (worn)
 L - a +1 cloak of stealth (worn)
Magical Staves
 K - a staff of fire
Jewellery
 h - a ring of protection from fire (left hand)
 p - a +4 ring of protection (right hand)
 D - a ring of flight
 E - the ring "Qodda" {rC+ rCorr}
   (You found it in a Gauntlet)

   [ring of protection from cold]

   rC+:       It protects you from cold.
   rCorr:     It protects you from acid and corrosion.
 J - a ring of positive energy
 R - an amulet of regeneration (around neck)
 T - a ring of protection from fire
Talismans
 t - a granite talisman
Wands
 a - a wand of roots (13)
 j - a wand of polymorph (14)
 v - a wand of flame (62)
 y - a wand of mindburst (29)
 H - a wand of digging (13)
 O - a wand of paralysis (4)
 U - a wand of acid (16)
Scrolls
 n - a scroll of butterflies
 s - a scroll of fear
 w - 6 scrolls of immolation
 A - a scroll of revelation
 F - 7 scrolls of identify
 I - 4 scrolls of poison
 Q - 3 scrolls of enchant weapon
 S - 4 scrolls of teleportation
 Y - a scroll of vulnerability
Potions
 c - 3 potions of attraction
 f - a potion of resistance
 g - 2 potions of magic
 k - 3 potions of might
 l - a potion of berserk rage
 q - 6 potions of brilliance
 r - 2 potions of mutation
 B - a potion of enlightenment
 C - 6 potions of curing
 P - 3 potions of cancellation
 V - a potion of haste
 X - a potion of invisibility
 Z - a potion of lignification
Miscellaneous
 u - a lightning rod (1/4)
 x - a Gell's gravitambourine (1/2)
 N - a phantom mirror (inert)
 W - a tin of tremorstones (2/2)


   Skills:
 - Level 13.2 Fighting
 - Level 8.0 Dodging
 - Level 1.7 Stealth
 + Level 12.6 Shields
 - Level 10.0 Spellcasting
 - Level 10.0 Conjurations
 - Level 5.0 Hexes
 + Level 3.0 Fire Magic
 - Level 3.0 Air Magic
 - Level 10.0 Earth Magic
 - Level 9.0 Alchemy


You had 7 spell levels left.
You knew the following spells:

 Your Spells              Type           Power      Damage    Failure   Level
a - Fireball              Conj/Fire      20%        3d10      7%          5
b - Mephitic Cloud        Conj/Alch/Air  45%        N/A       1%          3
c - Olgreb's Toxic Radia  Alch           52%        N/A       1%          4
d - Sticky Flame          Fire/Alch      39%        2d8       3%          4
e - Yara's Violent Unrav  Hex/Alch       30%        3d13      5%          5
f - Bombard               Conj/Erth      27%        9d5       9%          6

Your spell library contained the following spells:

 Spells                   Type           Power      Damage    Failure   Level
 Foxfire                  Conj/Fire      100%       2x1d9     1%          1
 Magic Dart               Conj           100%       1d8       1%          1
 Sting                    Conj/Alch      100%       1d9       1%          1
 Mercury Vapours          Alch/Air       78%        N/A       1%          2
 Momentum Strike          Conj/Tloc      68%        3d9       1%          2
 Static Discharge         Conj/Air       82%        3-7/arc   1%          2
 Jinxbite                 Hex            100%       N/A       2%          2
 Ensorcelled Hibernation  Hex/Ice        68%        N/A       7%          2
 Alistair's Intoxication  Alch           34%        N/A       9%          5
 Airstrike                Air            12%        2d(2-18)  10%         4
 Frozen Ramparts          Ice            22%        1d4       11%         3
 Apportation              Tloc           22%        N/A       12%         1
 Blink                    Tloc           22%        N/A       19%         2
 Call Imp                 Summ           22%        N/A       19%         2
 Lesser Beckoning         Tloc           22%        N/A       19%         2
 Starburst                Conj/Fire      20%        6d7       32%         6
 Fugue of the Fallen      Necr           11%        N/A       36%         3
 Maxwell's Portable Pile  Tloc           11%        2d(6-16)  36%         3
 Ozocubu's Armour         Ice            11%        N/A       36%         3
 Teleport Other           Tloc           11%        N/A       36%         3
 Anguish                  Hex/Necr       17%        N/A       41%         4
 Summon Lightning Spire   Summ/Air       18%        N/A       54%         4
 Animate Dead             Necr           11%        N/A       77%         4
 Metabolic Englaciation   Hex/Ice        17%        N/A       77%         5
 Plasma Beam              Fire/Air       12%        2x1d23    77%         6
 Sculpt Simulacrum        Ice/Alch       16%        N/A       96%         6
 Haunt                    Necr/Summ      5%         N/A       100%        7
 Ozocubu's Refrigeration  Ice            5%         4d8       100%        7
 Infestation              Necr           5%         N/A       100%        8
 Polar Vortex             Ice            5%         N/A       100%        9


Dungeon Overview and Level Annotations

Branches:
Dungeon (15/15)            Temple (1/1) D:4            Lair (5/5) D:11
  Swamp (0/4) Lair:3        Snake (1/4) Lair:3        Slime (1/5) Lair:4
    Orc (2/2) D:9             Elf (0/3) Orc:2        Vaults (0/5) D:14
Gauntlet (visited)
 Depths: D:15

Altars:
Ashenzari
Cheibriados
Dithmenos
Fedhas
Gozag
Hepliaklqana
Kikubaaqudgha
Makhleb
Nemelex Xobeh
Okawaru
Qazlal
Ru
Sif Muna
Trog
Uskayaw
Vehumet
Wu Jian
Xom
Yredelemnul
Beogh

Shops:
D:1 *   D:5 (   D:10 (   Orc:2 (((*[

Annotations:
D:14 2 runed translucent doors, Gucoit's ghost, journeyman DgHu
Lair:3 2 transporters, Saitsunu's ghost, journeyman DsAl


Innate Abilities, Weirdness & Mutations

You are mostly covered in icy blue scales. (AC +3)
A meltable icy envelope protects you from harm. (AC +0)
You regenerate a little health from kills.
A meltable shield of frost defends you. (SH +0)
Your hexes are more powerful.
You have a tail ending in a sharp stinger.
Your system is resistant to poisons. (rPois)


Message History

You hold your ground!
The dire elephant trunk-slaps you but does no damage.
You take 6 damage, and have 32/124 hp.
Found a runelight.
The purple draconian shifter breathes dispelling energy at you.
The bolt of dispelling energy hits you!!
Your magical effects are unravelling.
* * * LOW HITPOINT WARNING * * *
You block the dire elephant's attack.
The dire elephant trunk-slaps you but does no damage.
Found a runelight.
You take 19 damage, and have 13/124 hp.
Found a runelight.
You fall into the lava!
You can't survive in this terrain!
You fly above the lava, but the process is draining.
You feel your health improve.
Your enlightenment fades.
You feel drained.
The dire elephant completely misses you.
You block the dire elephant's attack.
Found a runelight.
You feel drained.
An elephant comes into view.
The purple draconian shifter points at you and mumbles some strange words.
You feel firmly anchored in space.
You feel drained.
The purple draconian shifter casts a spell at you.
You barely resist.
Found a runelight.
The dire elephant trumpets!
You feel drained.
You hear a trumpeting!
You feel drained.
You feel drained.
You regained 2 hp, and now have 20/103 hp.
You float gracefully downwards.
Why would you want to do that? Why would you want to do that?
The hellephant blinks!
The purple draconian shifter breathes dispelling energy at you.
The bolt of dispelling energy hits you!!
Your magical effects are unravelling.
You die...

#.. ..#...≈~.
..##.≈..~~~
...≈~~~~~ ...
#..~Y#≈≈##...
#.~..≈⌠.≈.....
###~.§⌠.≈≈§≈≈§§
#..#~~~≈⌠.≈≈≈§≈≈§§
...~~~~⌠.≈≈§§≈≈§≈≈
##.~~#@§≈§≈≈≈...≈
###≈.§≈≈§≈≈.§...
.~~~...≈≈≈§Y§#.#
~~.#....≈§≈YY## ≈≈
. ~##..#..§≈≈YY#
≈≈≈ ##....≈≈≈Y.#
.≈≈≈. ##.q.≈§YYß#
φ #ß..≈
#.##.≈≈≈Y.# ..≈§≈.
## #.≈≈§..#
##.v§≈§


You could see 2 hellephants, 5 dire elephants, a purple draconian shifter
(catching breath) and 3 elephants.

Vanquished Creatures
  Jorgrun (D:12)
  A tentacled starspawn (Abyss:3)
  Gastronok (D:8)
  An orc warlord (Orc:1)
  A minotaur (Gauntlet)
  A dire elephant (Gauntlet)
  Snorg (Orc:1)
  A green death (Abyss:3)
  3 ogre magi
  6 vault guards (D:14)
  Erolcha (D:11)
  Erica (D:9)
  2 hydras
  2 catoblepae
  5 centaur warriors
  2 boulder beetles
  15 two-headed ogres
  3 death yaks (Lair:3)
  A shock serpent (shapeshifter) (D:12)
  Sonja (Lair:1)
  Nergalle (Lair:3)
  A skyshark (Lair:2)
  2 deep trolls (Orc:2)
  3 deep elf pyromancers
  6 cyclopes
  18 ugly things
  8 manticores
  Maurice (D:9)
  A worldbinder (Abyss:3)
  7 elephants
  A kobold blastminer (Orc:1)
  An ice statue (D:15)
  7 black mambas
  5 cane toads
  A large abomination (Abyss:3)
  3 gargoyles
  A torpor snail (Lair:1)
  A naga skeleton (Abyss:3)
  An orange demon (Abyss:3)
  An unseen horror (D:11)
  Maggie (D:8)
  4 kobold demonologists
  4 komodo dragons
  7 rime drakes
  An efreet (D:14)
  An ancient zyme (Abyss:3)
  A tengu conjurer (D:14)
  A tormentor (Abyss:3)
  6 polar bears
  A queen bee (Gauntlet)
  11 trolls
  A dream sheep (Lair:5)
  A hornet (shapeshifter) (D:13)
  26 blink frogs
  Grinder (D:5)
  2 raiju (Abyss:3)
  7 hornets
  7 slime creatures
  A water elemental (D:11)
  15 spriggans
  2 shadows
  A small abomination (Abyss:3)
  2 wraiths
  55 yaks
  3 wyverns
  6 humans (D:14)
  5 basilisks
  5 fire bats (Lair:2)
  3 wargs
  4 vampire mosquitoes (D:12)
  2 acid dragons (D:12)
  21 water moccasins
  15 orc warriors
  A sky beast (D:6)
  An ice beast (D:6)
  9 black bears
  3 laughing skulls
  23 ogres
  13 centaurs
  28 wolves
  4 boggarts (Lair:5)
  6 kobold brigands
  8 bullfrogs
  3 scorpions
  4 gnoll sergeants (D:9)
  4 wights (D:8)
  6 killer bees
  8 howler monkeys
  5 electric eels
  A bombardier beetle (D:7)
  3 jellies
  An iron imp (Abyss:3)
  18 orc priests
  3 hounds
  3 gnoll boudas
  Jessica (D:2)
  A sleepcap (D:4)
  20 orc wizards
  Robin (D:2)
  11 adders
  25 gnolls
  2 shadow imps
  2 white imps
  2 ufetubi (D:7)
  3 dart slugs
  2 ribbon worms
  54 orcs
  9 endoplasms
  3 giant cockroaches
  16 goblins
  13 hobgoblins
  4 jackals
  13 kobolds
  5 quokkas
  10 ball pythons
  4 bats
  3 frilled lizards (D:1)
  3 rats
  A butterfly (D:10)
706 creatures vanquished.

Vanquished Creatures (collateral kills)
  A tentacled monstrosity (Abyss:3)
  A starspawn tentacle (Abyss:3)
2 creatures vanquished.

Vanquished Creatures (others)
  An ogre mage (D:13)
  A deep elf pyromancer (D:12)
  8 starspawn tentacles (Abyss:3)
10 creatures vanquished.

Grand Total: 718 creatures vanquished

Notes
Turn   | Place    | Note
-------+----------+-------------------------------------------
     0 | D:1      | jasper the Demonspawn Alchemist began the quest for the
                  | Orb.
     0 | D:1      | Reached XP level 1. HP: 13/13 MP: 3/3
   182 | D:1      | Gained mutation: You regenerate a little health from kills.
                  | [demonic ancestry]
   182 | D:1      | Reached XP level 2. HP: 19/19 MP: 3/5
   620 | D:1      | Gained mutation: A meltable shield of frost defends you.
                  | (SH +0) [demonic ancestry]
   620 | D:1      | Reached XP level 3. HP: 16/24 MP: 1/6
   630 | D:1      | Learned a level 3 spell: Mephitic Cloud
   842 | D:1      | Found Plog's General Store.
  1416 | D:2      | Noticed Robin
  1427 | D:2      | Killed Robin
  1428 | D:2      | Reached skill level 1 in Air Magic
  1428 | D:2      | Reached XP level 4. HP: 26/30 MP: 0/7
  1754 | D:2      | Noticed Jessica
  1756 | D:2      | Killed Jessica
  2372 | D:2      | Gained mutation: You have a small tail. [demonic ancestry]
  2372 | D:2      | Reached XP level 5. HP: 35/35 MP: 6/8
  2577 | D:2      | Reached skill level 5 in Alchemy
  2583 | D:2      | Learned a level 4 spell: Olgreb's Toxic Radiance
  2846 | D:3      | Found a blossoming altar of Fedhas.
  2877 | D:3      | Found an opulent altar of Gozag.
  3126 | D:3      | Found a broken altar of Ashenzari.
  3772 | D:4      | Found an iron altar of Okawaru.
  3957 | D:4      | Found a staircase to the Ecumenical Temple.
  3969 | Temple   | Entered the Ecumenical Temple
  3988 | Temple   | Became a worshipper of Vehumet
  4065 | D:4      | Reached XP level 6. HP: 42/42 MP: 5/9
  4157 | D:4      | Noticed a wyvern
  4193 | D:4      | Killed a wyvern
  4194 | D:4      | Reached skill level 1 in Fighting
  4834 | D:4      | Found a shimmering blue altar of Sif Muna.
  4912 | D:5      | Entered Level 5 of the Dungeon
  4912 | D:5      | Noticed a yak
  4912 | D:5      | Noticed a yak
  4912 | D:5      | Noticed a yak
  4912 | D:5      | Noticed a yak
  4913 | D:5      | Noticed a yak
  4914 | D:5      | Noticed a yak
  4924 | D:5      | Gained mutation: You have a tail ending in a sharp stinger.
                  | [demonic ancestry]
  4924 | D:5      | Reached XP level 7. HP: 37/49 MP: 3/11
  4926 | D:5      | Reached skill level 2 in Fighting
  4930 | D:5      | Killed a yak
  4934 | D:5      | Killed a yak
  4937 | D:5      | Killed a yak
  4938 | D:5      | Reached skill level 3 in Fighting
  4938 | D:5      | Killed a yak
  4939 | D:5      | Reached XP level 8. HP: 32/58 MP: 1/13
  4948 | D:5      | Reached skill level 4 in Fighting
  4968 | D:5      | Learned a level 4 spell: Sticky Flame
  5088 | D:5      | Reached * piety under Vehumet
  5088 | D:5      | Offered knowledge of Freeze by Vehumet.
  5480 | D:5      | Noticed Grinder
  5487 | D:5      | Killed Grinder
  5586 | D:5      | Found Renac's Weapon Emporium.
  5586 | D:5      | You fall into a shaft and drop 1 floor!
  5605 | D:6      | Gained mutation: You are partially covered in icy blue
                  | scales. (AC +2) [demonic ancestry]
  5605 | D:6      | Reached XP level 9. HP: 66/66 MP: 13/16
  5794 | D:5      | Found a bloodstained altar of Trog.
  5802 | D:5      | Reached skill level 5 in Spellcasting
  5804 | D:5      | Reached skill level 5 in Fighting
  6138 | D:5      | Found a burning altar of Makhleb.
  6467 | D:6      | Reached skill level 6 in Fighting
  6485 | D:6      | Offered knowledge of Shock by Vehumet.
  6629 | D:6      | Reached ** piety under Vehumet
  6897 | D:6      | Found a sacrificial altar of Ru.
  7235 | D:7      | Reached skill level 7 in Fighting
  8117 | D:8      | Noticed Gastronok
  8124 | D:8      | Noticed a manticore
  8140 | D:8      | Gained mutation: You are mostly covered in icy blue scales.
                  | (AC +3) [demonic ancestry]
  8140 | D:8      | Reached XP level 10. HP: 66/79 MP: 6/20
  8148 | D:8      | Killed Gastronok
  8148 | D:8      | Offered knowledge of Static Discharge by Vehumet.
  8149 | D:8      | Reached skill level 8 in Fighting
  8149 | D:8      | Killed a manticore
  8320 | D:8      | Noticed Maggie
  8338 | D:8      | Killed Maggie
  8339 | D:8      | Reached skill level 9 in Fighting
  8537 | D:8      | Reached *** piety under Vehumet
  9370 | D:9      | Found a shadowy altar of Dithmenos.
  9534 | D:9      | Noticed Maurice
  9548 | D:9      | Killed Maurice
  9549 | D:9      | Reached skill level 5 in Dodging
  9673 | D:9      | Found an ancient bone altar of Kikubaaqudgha.
  9682 | D:9      | Found a staircase to the Orcish Mines.
  9686 | D:9      | Offered knowledge of Dazzling Flash by Vehumet.
  9696 | D:9      | Reached skill level 10 in Fighting
  9696 | D:9      | Reached XP level 11. HP: 82/90 MP: 22/22
  9975 | D:9      | Noticed Erica
  9985 | D:9      | Killed Erica
 10115 | D:10     | Entered Level 10 of the Dungeon
 10719 | D:10     | Found a hide-covered altar of Uskayaw.
 10884 | D:10     | Found Idopub's Weapon Shoppe.
 11550 | D:11     | Noticed Erolcha
 11562 | D:11     | Killed Erolcha
 11562 | D:11     | Reached **** piety under Vehumet
 11563 | D:11     | Reached skill level 11 in Fighting
 11650 | D:11     | Found a hide-covered altar of Uskayaw.
 11765 | D:11     | Found a staircase to the Lair.
 11790 | D:11     | Identified the +5 ring mail of the Skiapode {rElec Str+3}
 11849 | D:11     | Offered knowledge of Yara's Violent Unravelling by Vehumet.
 11856 | D:11     | Noticed a boulder beetle
 11864 | D:11     | Learned a level 5 spell: Yara's Violent Unravelling
 11895 | D:11     | Killed a boulder beetle
 12533 | Lair:1   | Entered Level 1 of the Lair of Beasts
 12689 | Lair:1   | Reached skill level 12 in Fighting
 12768 | Lair:1   | Reached XP level 12. HP: 101/102 MP: 17/25
 12894 | Lair:1   | Noticed a catoblepas
 12906 | Lair:1   | Killed a catoblepas
 13074 | Lair:1   | Noticed Sonja
 13084 | Lair:1   | Killed Sonja
 13715 | Lair:2   | Reached skill level 13 in Fighting
 13882 | Lair:2   | Noticed a four-headed hydra
 13888 | Lair:2   | Killed a two-headed hydra
 13889 | Lair:2   | Reached skill level 1 in Shields
 13889 | Lair:2   | Reached skill level 10 in Spellcasting
 14250 | Lair:2   | Identified the +13 ice dragon scales "Weqiwn" {+Blink rPois
                  | rF- rC++ Dex-3 SInv}
 14310 | Lair:2   | Identified the +12 sling of Kounen {speed, rF+ rC+ rN+}
 14505 | Lair:2   | Reached ***** piety under Vehumet
 14721 | Lair:3   | Offered knowledge of Bombard by Vehumet.
 14848 | Lair:3   | Learned a level 6 spell: Bombard
 14857 | Lair:3   | Found a staircase to the Snake Pit.
 14869 | Lair:3   | Reached skill level 5 in Shields
 15150 | Lair:3   | Found a staircase to the Swamp.
 15481 | Lair:3   | Found a transporter.
 15481 | Lair:3   | Noticed Saitsunu's ghost (journeyman DsAl)
 15481 | Lair:3   | Noticed a six-headed hydra
 15487 | Lair:3   | Noticed an eight-headed hydra
 15613 | Lair:3   | Found a transporter.
 15624 | Lair:3   | Gained mutation: Your hexes are more powerful. [demonic
                  | ancestry]
 15624 | Lair:3   | Reached XP level 13. HP: 111/111 MP: 23/27
 15919 | Lair:3   | Noticed Nergalle
 15928 | Lair:3   | Killed Nergalle
 16273 | Snake:1  | Entered Level 1 of the Snake Pit
 16387 | Lair:4   | You fall into a shaft and drop 1 floor!
 16387 | Lair:5   | Entered Level 5 of the Lair of Beasts
 16602 | Lair:4   | Found a staircase to the Slime Pits.
 17399 | Lair:4   | Reached skill level 10 in Shields
 17803 | Slime:1  | Entered Level 1 of the Pits of Slime
 17949 | Lair:5   | Reached skill level 1 in Hexes
 18181 | Lair:5   | Reached skill level 5 in Hexes
 18181 | Lair:5   | Reached skill level 1 in Earth Magic
 18310 | Lair:5   | Reached XP level 14. HP: 118/118 MP: 26/28
 18409 | Lair:5   | Found a hide-covered altar of Uskayaw.
 18509 | Lair:5   | Offered knowledge of Ozocubu's Refrigeration by Vehumet.
 18608 | Lair:5   | Reached skill level 5 in Conjurations
 18767 | Lair:5   | Identified the +7 war axe "Jeisolaa" {freeze, rN+ Str+2
                  | Int-3}
 19297 | Orc:1    | Entered Level 1 of the Orcish Mines
 19603 | Orc:2    | Entered Level 2 of the Orcish Mines
 19616 | Orc:2    | Found a gate leading to a gauntlet.
 19643 | Gauntlet | Entered a Gauntlet
 19643 | Gauntlet | Found a transporter.
 19643 | Gauntlet | Found a transporter.
 19674 | Gauntlet | Found a transporter.
 19692 | Gauntlet | Found a transporter.
 19692 | Gauntlet | Found a transporter.
 19694 | Gauntlet | Found a transporter.
 19694 | Gauntlet | Found a transporter.
 19694 | Gauntlet | Noticed a cacodemon
 19695 | Gauntlet | Found a transporter.
 19707 | Gauntlet | Found a transporter.
 19721 | Gauntlet | Found a transporter.
 19725 | Gauntlet | Found a runed translucent door.
 19732 | Gauntlet | Found a transporter.
 19746 | Gauntlet | Found a transporter.
 19780 | Gauntlet | Found a transporter.
 19792 | Gauntlet | Found a transporter.
 19870 | Gauntlet | Gained mutation: You are frail. (-10% HP) [a neqoxec]
 19875 | Gauntlet | Lost mutation: You are frail. (-10% HP) [potion of
                  | mutation]
 19875 | Gauntlet | Gained mutation: Your system is resistant to poisons.
                  | (rPois) [potion of mutation]
 19939 | Gauntlet | Identified the ring "Qodda" {rC+ rCorr}
 20113 | Gauntlet | Identified the +3 ring mail "Cuomis" {^Drain rN+ Int+4}
 20329 | D:1      | Bought a scroll of acquirement for 624 gold pieces
 20329 | D:1      | Acquired 714 gold pieces
 20662 | Orc:2    | Found a staircase to the Elven Halls.
 21042 | Orc:2    | Found Podublis's Antique Weapon Boutique.
 21048 | Orc:2    | Found Nigese's Weapon Boutique.
 21055 | Orc:2    | Found Qass's Armour Shoppe.
 21059 | Orc:2    | Reached skill level 5 in Earth Magic
 21256 | Orc:2    | Found Zusup's General Store.
 21268 | Orc:2    | Found Raleme's Weapon Shop.
 21271 | Orc:2    | Bought a scroll of teleportation for 42 gold pieces
 21271 | Orc:2    | Bought a scroll of teleportation for 42 gold pieces
 21478 | Orc:1    | Noticed an orc warlord
 21512 | Orc:1    | Killed an orc warlord
 21569 | Orc:1    | Found a roughly hewn altar of Beogh.
 21570 | Orc:1    | Noticed Snorg
 21581 | Orc:1    | Killed Snorg
 21610 | Orc:1    | Offered knowledge of Eringya's Noxious Bog by Vehumet.
 22183 | D:12     | Noticed Jorgrun
 22198 | D:12     | Gained mutation: A meltable icy envelope protects you from
                  | harm. (AC +0) [demonic ancestry]
 22198 | D:12     | Reached XP level 15. HP: 123/124 MP: 23/29
 22663 | D:12     | Killed Jorgrun
 23134 | D:13     | Identified the +0 rapier "Worm" {freeze, rPois}
 23457 | D:13     | Reached skill level 10 in Conjurations
 24202 | D:14     | Found a gate to the Vaults.
 24340 | D:14     | Found a burning altar of Makhleb.
 24345 | D:14     | Found a large runed translucent door.
 24345 | D:14     | Found a large runed translucent door.
 24482 | D:14     | Noticed Gucoit's ghost (journeyman DgHu)
 24698 | D:14     | Reached ****** piety under Vehumet
 25466 | D:15     | Entered Level 15 of the Dungeon
 25523 | D:15     | Offered knowledge of Fireball by Vehumet.
 25538 | D:15     | Learned a level 5 spell: Fireball
 25543 | D:15     | Identified the +1 tower shield of Cozogi Gawyu {Str+3
                  | Dex+4}
 25656 | D:15     | Reached skill level 1 in Fire Magic
 25796 | Abyss:3  | Found a corrupted altar of Lugonu.
 25796 | Abyss:3  | Cast into level 3 of the Abyss (an occultist)
 25813 | Abyss:3  | Found a corrupted altar of Lugonu.
 25819 | Abyss:3  | Noticed a bone dragon
 25883 | Abyss:3  | Reached skill level 10 in Earth Magic
 26090 | Abyss:3  | Noticed a tentacled monstrosity
 26100 | Abyss:3  | Noticed a tentacled starspawn
 26136 | Abyss:3  | Killed a tentacled monstrosity
 26143 | Abyss:3  | Killed a tentacled starspawn
 26144 | Abyss:3  | Noticed a tentacled starspawn
 26154 | Abyss:3  | Noticed a tentacled starspawn
 26166 | Abyss:3  | Noticed a bone dragon
 26167 | Abyss:3  | Noticed a hellephant
 26167 | Abyss:3  | Noticed a hellephant
 26170 | Abyss:3  | Noticed a purple draconian shifter
 26186 | Abyss:3  | Killed from afar by a purple draconian shifter

Illustrated notes

Levels and vault maps discovered:
D:1:      eino_arrival_water_star, layout_loops_ring, serial_shops, shop
D:2:      layout_loops_cross, minmay_misc_feat_five, uniq_jessica, uniq_robin
D:3:      layout_basic, mainiacjoe_overflow_catwalk,
          mainiacjoe_overflow_cross_hatched,
          nicolae_gozag_cash_rules_everything_around_me, tso_oasis_becter,
          grunt_ministairs_11, ebering_dispersal_statue_hall
D:4:      minmay_chambers_of_fours, layout_rooms,
          mainiacjoe_overflow_six_doors_small, nicolae_sif_muna_little_library,
          minmay_temple_entry_trees, dk_noncrumbling_3
D:5:      layout_basic, mainiacjoe_overflow_chevrons, lightli_temple_of_fire,
          trog_ov_bears_minmay, serial_shops, nicolae_shop_hallway_stairs,
          gup_sewer_entry_bowl, st_stairs_10, nicolae_houndstooth_variations,
          uniq_grinder
D:6:      layout_loops_cross, nicolae_ru_path_of_blood
D:7:      layout_basic, nicolae_water_bricks
D:8:      layout_loops_ring, minmay_starry_boxes, uniq_maggie, uniq_gastronok
D:9:      layout_loops_corners, nicolae_dithmenos_the_darkroom,
          mainiacjoe_overflow_brackets, kennysheep_orc_monster_closet_entryway,
          chequers_serial_rivers_micro_e, uniq_maurice, uniq_erica
D:10:     nicolae_BIG_FREAKIN_CUBE, layout_loops_corners,
          mainiacjoe_overflow_alcove_1, nicolae_elyvilon_peaceful_grove,
          serial_shops, nicolae_shop_bloodbath_and_beyond,
          grunt_decor_mini_mirrors
D:11:     layout_basic, david_lair_generic, eat_drink_and_be_merry_uskayaw,
          uniq_erolcha
D:12:     layout_rooms, uniq_jorgrun
D:13:     minmay_the_grid_triangle_9x9_rhombus_thin_mashed
          [minmay_the_grid_triangle_9x9_sparse_checkered,
          minmay_the_grid_triangle_9x9_prize_center,
          minmay_the_grid_triangle_9x9_skeleton,
          minmay_the_grid_triangle_9x9_zippers_vertical], layout_basic
D:14:     layout_basic, ximxim_vaults_locker_room, bloody_makhleb,
          ebering_ghost_disaster_area
D:15:     grunt_enter_depths_magical_seal, layout_loops_ring, chequers_avenue,
          minivault_16, grunt_ministairs_13, chequers_serial_rivers_micro_d
Temple:   hellmonk_temple_beads
Lair:1:   layout_cave_pods, enter_volcano_2, beast_lair_carwin_2,
          serial_bayou_shore_b, lemuel_fruit_tree, uniq_sonja
Lair:2:   layout_gridlike
Lair:3:   layout_layer_cave, swamp_mist, minmay_snake_entry_six_corridors,
          gammafunk_ghost_arena, nicolae_quartered_pool_medium, uniq_nergalle
Lair:4:   layout_cave_pods, slime_entry_1, forest_entry_grove,
          grunt_megastairs_3, serial_bayou_shore_a
Lair:5:   minmay_lair_end_enchanted_forest, layout_cave_pods, fungi_pond_lemuel,
          lemuel_centaur_altar
Snake:1:  layout_onion, serial_shops, nicolae_lakefront_shop, uniq_aizul
Slime:1:  layout_caves, cheibrodos_slime_lost_civilization_5
Orc:1:    layout_diamond_mine, basic_altar, uniq_snorg
Orc:2:    st_orc_open, layout_diamond_mine, serial_shops,
          nicolae_shop_mannequins, gauntlet_entry_generic
Abyss:3:  base: Lair:1, hangedman_abyss_rune_macabre_mess,
          hangedman_abyss_rune_macabre_mess, evilmike_abyss_exit_vortex,
          evilmike_abyss_rune_elephants_shrine

Skill      XL: |  1  2  3  4  5  6  7  8  9 10 11 12 13 14 15 |
---------------+----------------------------------------------+-----
Alchemy        | 4 5 6 7 8 9 |  9.0
Air Magic      | 1 2 3 |  3.0
Conjurations   | 2 3 4 9 10 | 10.0
Fighting       | 1 3 4 7 10 12 13 | 13.2
Spellcasting   | 3 4 6 7 9 10 | 10.0
Dodging        | 3 5 7 8 |  8.0
Shields        | 6 10 12 | 12.6
Hexes          | 5 |  5.0
Earth Magic    | 2 7 10 | 10.0
Fire Magic     | 3 |  3.0
Stealth        | |  1.7

Action                     |  1- 3 |  4- 6 |  7- 9 | 10-12 | 13-15 || total
---------------------------+-------+-------+-------+-------+-------++-------
  Melee: Whip              |     9 |       |       |       |       ||     9
         Unarmed           |     5 |     7 |       |       |       ||    12
         Dagger            |     7 |    12 |       |       |       ||    19
         Short sword       |       |    21 |    96 |    60 |       ||   177
         Tailslap          |       |     5 |    20 |    47 |   110 ||   182
         Scimitar          |       |       |       |   132 |   537 ||   669
   Cast: Sting             |    63 |   140 |     8 |     6 |       ||   217
         Olgreb's Toxic Ra |       |     8 |    40 |    68 |   176 ||   292
         Sticky Flame      |       |       |     8 |    40 |    77 ||   125
         Mephitic Cloud    |       |       |     2 |     7 |     7 ||    16
         Yara's Violent Un |       |       |       |       |     7 ||     7
         Bombard           |       |       |       |       |    13 ||    13
         Fireball          |       |       |       |       |     7 ||     7
Ability: Begin Untransform |       |       |       |       |     2 ||     2
  Evoke: Lightning rod     |       |       |       |       |     7 ||     7
         Phantom mirror    |       |       |       |       |     1 ||     1
         Gell's gravitambo |       |       |       |       |     1 ||     1
    Use: Potion            |     1 |     2 |       |     1 |     8 ||    12
         Scroll            |     6 |     6 |     9 |     6 |    10 ||    37
   Stab: Sleeping          |       |       |     1 |     1 |       ||     2
         Confused          |       |       |       |     1 |     1 ||     2
         Distracted        |       |       |       |     1 |       ||     1
 Armour: Robe              |    19 |    30 |    78 |    10 |       ||   137
         Skin              |       |     5 |       |       |       ||     5
         Steam dragon scal |       |       |       |   188 |   566 ||   754
  Dodge: Dodged            |    19 |    46 |    80 |   248 |   485 ||   878
  Block: Other             |     4 |    20 |    22 |    43 |       ||    89
         Kite shield       |       |       |       |    70 |   930 ||  1000
   Form: Statue            |       |       |       |       |     2 ||     2

Table legend: (Time is in decaauts)
 A = Elapsed time spent in this place.
 B = Non-inter-level travel time spent in this place.
 C = Inter-level travel time spent in this place.
 D = Time resting spent in this place.
 E = Time spent auto-exploring this place.
 F = Levels seen in this place.
 G = Mean time per level.
                   A        B        C        D        E       F      G
               +--------+--------+--------+--------+--------+-----+--------+
         Total |  26625 |  25046 |   1579 |   1535 |  18611 |  27 |  986.1 |
       Dungeon |  17070 |  16071 |    999 |   1229 |  12215 |  15 | 1138.0 |
        Temple |     38 |      2 |     36 |      0 |      0 |   1 |   38.0 |
          Lair |   6844 |   6445 |    399 |    114 |   5029 |   5 | 1368.8 |
     Snake Pit |      1 |      1 |      0 |      0 |      0 |   1 |    1.0 |
    Slime Pits |      1 |      1 |      0 |      0 |      0 |   1 |    1.0 |
  Orcish Mines |   1771 |   1627 |    144 |      0 |   1139 |   2 |  885.5 |
         Abyss |    413 |    413 |      0 |     92 |     51 |   1 |  413.0 |
      Gauntlet |    484 |    484 |      0 |    100 |    177 |   1 |  484.0 |
               +--------+--------+--------+--------+--------+-----+--------+

Top non-repeatable levels by time:
  Lair:3: 1698 daAuts
  Lair:5: 1481 daAuts
     D:2: 1474 daAuts
  Lair:4: 1438 daAuts
    D:13: 1386 daAuts
    D:14: 1383 daAuts
    D:10: 1305 daAuts
     D:5: 1281 daAuts
    D:11: 1269 daAuts
     D:1: 1269 daAuts
  Lair:1: 1210 daAuts
     D:4: 1190 daAuts
     D:9: 1152 daAuts
     D:3: 1127 daAuts
     D:8: 1081 daAuts
